 Dungeon Crawl Stone Soup version 0.31.0-12-g77e489cdc1 (webtiles) character file.

Game seed: 15287531251033365577

109 PaiMei the Grave Robber (level 4, -1/33 HPs)
             Began as a Demonspawn Necromancer on Feb 23, 2024.
             Incinerated by a bombardier beetle (5 damage)
             ... with a burning spray
             ... on level 3 of the Dungeon.
             The game lasted 00:03:44 (2207 turns).

PaiMei the Grave Robber (Demonspawn Necromancer)    Turns: 2207, Time: 00:03:44

Health: -1/33      AC:  3    Str:  9    XL:     4   Next: 60%
Magic:  11/17      EV: 28    Int: 17    God:
Gold:   86         SH:  0    Dex: 15    Spells: 4/8 levels left

rFire   . . .        b - +1 sling (freeze)
rCold   . . .        (no shield)
rNeg    . . .        d - +0 robe
rPois   .            (no helmet)
rElec   .            (no cloak)
rCorr   .            g - +0 pair of gloves
SInv    .            (no boots)
Will    .....        i - amulet of the acrobat
Stlth   +            o - ring of magical power
HPRegen 0.25/turn    (no ring)
MPRegen 0.15/turn

%: acrobat
@: on fire, acrobatic, glowing
A: thin skeletal structure 1, weakness stinger 2
a: no special abilities


You were on level 3 of the Dungeon.
You visited 1 branch of the dungeon, and saw 3 of its levels.

You collected 116 gold pieces.
You spent 30 gold pieces at shops.

Inventory:

Hand Weapons
 a - a +0 quarterstaff
 b - a +1 sling of freezing (weapon)
Armour
 d - a +0 robe (worn)
 g - a +0 pair of gloves (worn)
 h - an orb of mayhem
Jewellery
 e - an amulet of magic regeneration
 i - an amulet of the acrobat (around neck)
 o - a ring of magical power (left hand)
Scrolls
 c - a scroll of identify {unknown}
 f - a scroll of immolation {unknown}
 n - 2 scrolls of teleportation
 q - a scroll of enchant weapon {unknown}
 r - a scroll of fog {unknown}
Potions
 j - 4 potions of curing {unknown}
 k - a potion of mutation {unknown}
 l - a potion of brilliance {unknown}
 m - 3 potions of degeneration {unknown}
 p - a potion of magic
 s - a potion of resistance {unknown}


   Skills:
 + Level 1.7 Fighting
 + Level 2.7 Dodging
 - Level 2.0 Stealth
 + Level 2.8 Spellcasting
 + Level 5.0 Necromancy


You had 4 spell levels left.
You knew the following spells:

 Your Spells              Type           Power      Damage    Failure   Level
a - Necrotise             Necr           76%        1d7       2%          1
b - Vampiric Draining     Necr           19%        2d7       7%          3

Your spell library contained the following spells:

 Spells                   Type           Power      Damage    Failure   Level
 Animate Dead             Necr           19%        N/A       22%         4
 Curse of Agony           Necr           19%        N/A       52%         5


Dungeon Overview and Level Annotations

Branches:
Dungeon (3/15)

Altars:

Shops:
D:1 *


Innate Abilities, Weirdness & Mutations

You have a somewhat thin skeletal structure. (Dex +2, Stealth+)
You have a tail ending in a sharp stinger.


Message History

The liquid fire burns you!
The bombardier beetle barely misses you.
Casting: Necrotise (safe; 2% risk of failure)
Confirm with . or Enter, or press ? or * to list all spells.
Aiming: Necrotise (safe; 2% risk of failure)
Press: ? - help, Shift-Dir - straight line, f/p - bombardier beetle
Aim: a bombardier beetle (lightly wounded, chance to affect: 78%)
The bombardier beetle writhes in agony.
The liquid fire burns you!
* * * LOW HITPOINT WARNING * * *
Casting: Necrotise (safe; 2% risk of failure)
Confirm with . or Enter, or press ? or * to list all spells.
Aiming: Necrotise (safe; 2% risk of failure)
Press: ? - help, Shift-Dir - straight line, f/p - bombardier beetle
Aim: a bombardier beetle (heavily wounded, chance to affect: 78%)
The bombardier beetle writhes in agony.
The liquid fire burns you!
* * * LOW HITPOINT WARNING * * *
The bombardier beetle bites you.
* * * LOW HITPOINT WARNING * * *
Casting: Necrotise (safe; 2% risk of failure)
Confirm with . or Enter, or press ? or * to list all spells.
Aiming: Necrotise (safe; 2% risk of failure)
Press: ? - help, Shift-Dir - straight line, f/p - bombardier beetle
Aim: a bombardier beetle (almost dead, chance to affect: 78%)
The bombardier beetle writhes in agony.
You kill the bombardier beetle!
The liquid fire burns you!
* * * LOW HITPOINT WARNING * * *
Your Necromancy skill increases to level 5!
Casting: Necrotise (safe; 2% risk of failure)
Confirm with . or Enter, or press ? or * to list all spells.
You can't see any susceptible monsters within range! (Use Z to cast anyway.)
Casting: Necrotise (safe; 2% risk of failure)
Confirm with . or Enter, or press ? or * to list all spells.
You can't see any susceptible monsters within range! (Use Z to cast anyway.)
You are on fire!
You shake off some of the fire as you move.
The liquid fire burns you!
You die...

.#..........#.##########
.#####.>....#.# .#
#......#.# .# #......#.#
.# ##.#####.# .# #.# #.#
.# #.# #.# .#
#.##########
#...@.......
############


There were no monsters in sight!

Vanquished Creatures
  A bombardier beetle (D:3)
  Terence (D:2)
  An adder (D:2)
  2 orcs (D:3)
  7 ball pythons
  An endoplasm (D:2)
  3 giant cockroaches
  4 goblins
  4 hobgoblins
  4 jackals (D:1)
  2 quokkas (D:2)
  4 bats
  3 kobolds
  2 rats (D:2)
39 creatures vanquished.

Vanquished Creatures (collateral kills)
  A jackal (D:1)
1 creature vanquished.

Grand Total: 40 creatures vanquished

Notes
Turn   | Place    | Note
-------+----------+-------------------------------------------
     0 | D:1      | PaiMei the Demonspawn Necromancer began the quest for the
                  | Orb.
     0 | D:1      | Reached XP level 1. HP: 13/13 MP: 3/3
   199 | D:1      | Found Medi's General Store.
   281 | D:1      | Gained mutation: You have a somewhat thin skeletal
                  | structure. (Dex +2, Stealth+) [demonic ancestry]
   281 | D:1      | Reached XP level 2. HP: 17/19 MP: 0/5
   860 | D:1      | Bought a scroll of teleportation for 30 gold pieces
  1174 | D:2      | Gained mutation: You have a small tail. [demonic ancestry]
  1174 | D:2      | Reached XP level 3. HP: 25/25 MP: 6/6
  1178 | D:2      | Learned a level 3 spell: Vampiric Draining
  1253 | D:2      | Reached skill level 1 in Fighting
  1292 | D:2      | Noticed a great orb of eyes
  1293 | D:2      | Found a faded altar of an unknown god.
  1295 | D:2      | Noticed Terence
  1304 | D:2      | Killed Terence
  1579 | D:2      | Noticed a shining eye
  1579 | D:2      | Noticed a glass eye
  1579 | D:2      | Noticed a great orb of eyes
  1704 | D:2      | Gained mutation: You have a tail ending in a sharp stinger.
                  | [demonic ancestry]
  1704 | D:2      | Reached XP level 4. HP: 25/32 MP: 7/7
  2207 | D:3      | Reached skill level 5 in Necromancy
  2207 | D:3      | Incinerated by a bombardier beetle

Illustrated notes

Levels and vault maps discovered:
D:1:      dpeg_arrival_windows_large_door, layout_loops_ring, serial_shops,
          nicolae_shop_peninsula
D:2:      layout_rooms, hellmonk_ecumenical_altar_watching_god, uniq_terence
D:3:      minmay_chambers_of_twos, layout_basic

Skill      XL: |  1  2  3  4 |
---------------+-------------+-----
Stealth        | 2 |  2.0
Dodging        | 2 |  2.7
Fighting       | 1 |  1.7
Necromancy     | 5 |  5.0
Spellcasting   | |  2.8

Action                     |  1- 3 |  4- 6 || total
---------------------------+-------+-------++-------
  Melee: Unarmed           |    10 |       ||    10
         Quarterstaff      |     6 |       ||     6
   Fire: Sling             |    25 |     6 ||    31
   Cast: Necrotise         |    46 |    18 ||    64
 Armour: Robe              |    41 |     2 ||    43
  Dodge: Dodged            |    64 |     9 ||    73
